 Dungeon Crawl Stone Soup version 0.27.1-35-g4d5d836560 (webtiles) character file.

Game seed: 3610418600582709706

10 Delamore the Sneak (level 2, -1/19 HPs)
             Began as an Octopode Brigand on Apr 18, 2022.
             Slain by an endoplasm (3 damage)
             ... on level 1 of the Dungeon.
             The game lasted 00:00:20 (248 turns).

Delamore the Sneak (Octopode Brigand)                Turns: 248, Time: 00:00:21

Health: -1/19      AC:  1    Str: 10    XL:     2   Next: 20%
Magic:  2/2        EV: 12    Int: 13    God:
Gold:   0          SH:  0    Dex: 13    Spells: 1/1 levels left

rFire    . . .     SeeInvis .   a - +2 dagger
rCold    . . .     Faith    .   (no shield)
rNeg     . . .     Spirit   .   (helmet restricted)
rPois    .         Reflect  .   (no amulet)
rElec    .         Harm     .   (no ring)
rCorr    .         Rampage  .   (no ring)
Will     .....                  (no ring)
Stlth    ++++......             (no ring)
HPRegen  0.06/turn              (no ring)
MPRegen  0.08/turn              (no ring)
                                (no ring)
                                (no ring)

@: no status effects
A: almost no armour, amphibious, 8 rings, camouflage 1, gelatinous body 1,
(nimble swimmer 1), tentacles
a: no special abilities


You were on level 1 of the Dungeon.
You visited 1 branch of the dungeon, and saw 1 of its levels.

Inventory:

Hand Weapons
 a - a +2 dagger (weapon)
Missiles
 b - 8 poisoned darts (quivered)
 c - 2 curare-tipped darts
Potions
 d - a potion of magic {unknown}


   Skills:
 - Level 2.0 Fighting
 * Level 2.6 Short Blades
 - Level 2.0 Throwing
 - Level 1.0 Dodging
 + Level 5.5 Stealth


You had one spell level left.
You didn't know any spells.
Your spell library was empty.

Dungeon Overview and Level Annotations

Branches:
Dungeon (1/15)

Altars:


Innate Abilities, Weirdness & Mutations

You cannot wear most types of armour.
You are amphibious.
You can wear up to eight rings at the same time.
Your skin changes colour to match your surroundings (Stealth+).
Your rubbery body absorbs attacks. (AC +1, EV +1)
((You are camouflaged near water. (Stealth+)))
You have tentacles for arms and can constrict up to eight enemies at once.


Message History

The kobold throws a stone.
The stone barely misses you.
You see here a metallic amethyst potion.
Found 16 bolts.
Found a stone staircase leading down.
The hobgoblin shouts!
The endoplasm quivers.
The goblin shouts!
You hit the kobold. Your grab misses the kobold. You squeeze the kobold.
The kobold is severely wounded.
The rat closely misses you. The kobold hits you with a +0 whip.
You hit the kobold but do no damage. Your grab misses the kobold.
You squeeze the kobold.
You kill the kobold!
The rat bites you. The endoplasm misses you.
The goblin hits you with a +0 club.
A kobold comes into view. It is wielding a +0 short sword.
You closely miss the goblin.
The kobold shouts!
Your grab misses the goblin.
You hear an angry hiss.
The rat bites you but does no damage. The endoplasm freezes you.
You are frozen.
* * * LOW HITPOINT WARNING * * *
The goblin closely misses you.
You are too injured to fight recklessly!
You are too injured to fight recklessly!
You are too injured to fight recklessly!
You are too injured to fight recklessly!
There are monsters nearby!
The rat bites you but does no damage.
You hit the hobgoblin. You grab the hobgoblin. You squeeze the hobgoblin.
You kill the hobgoblin!
You barely miss the endoplasm. Your squeeze misses the endoplasm.
The endoplasm freezes you.
You are frozen.
* * * LOW HITPOINT WARNING * * *
You hit the endoplasm.
The endoplasm is lightly wounded.
The endoplasm hits you.
You die...

♣♣.....♣♣.# #......
♣♣...♣♣..# #######
♣♣♣♣♣..## #.##### ..
.... #.#....). #.#.##
#.......# #(....
#..####.# #..... ♣♣.♣♣
#.# #.....##### ♣♣.P #..
#.....@Jr.### ♣P≈♣♣ ##.
#...#.##K...♣ ♣P≈P♣ #.
...........♣♣♣♣♣P.♣♣♣♣♣♣
#.......g.!♣♣PP†≈≈≈≈♣P♣♣
#.>##..)....≈≈≈≈≈≈≈≈≈≈≈.
## #.....#♣P≈P♣≈.≈≈P♣♣♣
#......♣♣♣♣♣♣≈♣♣♣♣
#.....#. ♣≈♣ ##....#..
.≈♣


You could see an endoplasm, a kobold and a rat.

Vanquished Creatures
  3 goblins (D:1)
  2 hobgoblins (D:1)
  A ball python (D:1)
  A frilled lizard (D:1)
  2 kobolds (D:1)
9 creatures vanquished.

Notes
Turn   | Place    | Note
-------+----------+-------------------------------------------
     0 | D:1      | Delamore the Octopode Brigand began the quest for the Orb.
     0 | D:1      | Reached XP level 1. HP: 14/14 MP: 1/1
   231 | D:1      | Reached XP level 2. HP: 19/19 MP: 2/2
   248 | D:1      | Slain by an endoplasm

Illustrated notes

Levels and vault maps discovered:
D:1:      amcnicky_arrival_underground_garden, layout_basic,
          serial_bayou_crossing

Action                   || total
-------------------------++-------
Melee: Dagger            ||    20
       Constrict         ||     5
       Tentacles         ||     5
 Stab: Sleeping          ||     1
Armor: Skin              ||     2
Dodge: Dodged            ||    13
